 Dungeon Crawl Stone Soup version 0.21-a0-471-gd587bd5 (webtiles) character file.

4757 Zeege the Spear-Bearer (level 10, -4/79 HPs)
             Began as a Merfolk Skald on Nov 21, 2017.
             Was a Believer of Ru.
             Hit by a large rock thrown by a cyclops (34 damage)
             ... on level 11 of the Dungeon.
             The game lasted 00:49:05 (11926 turns).

Zeege the Spear-Bearer (Merfolk Skald)             Turns: 11926, Time: 00:49:06

Health: -4/79      AC: 13    Str: 11    XL:     10   Next: 46%
Magic:  7/17       EV:  9    Int: 19    God:    Ru [**....]
Gold:   237        SH:  5    Dex: 16    Spells: 13/19 levels left

rFire    . . .     SeeInvis .   a - +1 spear
rCold    . . .     Gourm    .   D - +0 buckler {AC+3}
rNeg     . . .     Faith    .   b - +1 leather armour
rPois    .         Spirit   .   (helmet restricted)
rElec    .         Reflect  .   E - +0 cloak
rCorr    .         Harm     .   G - +0 pair of gloves
MR       .....                  K - +0 pair of boots
Stlth    +.........             (no amulet)
HPRegen  0.23/turn              f - +3 ring of intelligence
MPRegen  0.15/turn              y - ring of wizardry

@: infused (expiring)
A: change form in water, swift swim, stealthy swim, horns 1, yellow scales 2,
agile 1, reduced EV 1
a: Renounce Religion


You were on level 11 of the Dungeon.
You worshipped Ru.
Ru was pleased with you.
You were not hungry.

You visited 2 branches of the dungeon, and saw 11 of its levels.

You collected 444 gold pieces.
You spent 207 gold pieces at shops.

Inventory:

Hand Weapons
 a - a +1 spear (weapon)
Missiles
 o - 4 tomahawks (quivered)
 w - 3 needles of confusion
Armour
 b - a +1 leather armour (worn)
 D - a +0 buckler of protection (worn)
 E - a +0 cloak (worn)
 G - a +0 pair of gloves (worn)
 K - a +0 pair of boots (worn)
 O - the +0 pair of boots "Jowod" {-Tele rC+ rN+}
   (You found it on level 8 of the Dungeon)

   It protects you from cold.
   It protects you from negative energy.
   It prevents most forms of teleportation.
Jewellery
 f - a +3 ring of intelligence (left hand)
 p - an uncursed ring of protection from cold
 y - a ring of wizardry (right hand)
Wands
 q - a wand of random effects (18)
 B - a wand of paralysis (28)
 I - a wand of acid (12)
 J - a wand of polymorph (14)
Scrolls
 h - 2 scrolls of remove curse
 i - a scroll of enchant armour
 j - 2 scrolls of teleportation
 l - 2 scrolls of magic mapping
 m - 2 scrolls of amnesia
 t - a scroll of fog
Potions
 e - 2 potions of magic
 k - 2 potions of might
 n - 2 potions of invisibility
 r - 3 potions of lignification
 s - 4 potions of curing
 u - 2 potions of agility
 v - 3 potions of brilliance
 x - a potion of mutation
 z - a potion of haste
 H - a potion of resistance
 M - a potion of heal wounds {unknown}
Books
 c - a book of Battle

   Spells                             Type                      Level
   a - Infusion                       Charms                       1
   b - Shroud of Golubria             Charms/Translocation         2
   c - Song of Slaying                Charms                       2
   d - Spectral Weapon                Hexes/Charms                 3
   e - Regeneration                   Charms/Necromancy            3
Comestibles
 d - 4 bread rations
 g - 2 royal jellies
 A - 5 chunks of flesh
 C - 5 fruits


   Skills:
 * Level 7.0 Fighting
 + Level 12.5 Polearms
 + Level 0.2 Throwing
 - Level 0.9 Armour
 - Level 4.6 Dodging
 * Level 5.1 Shields
 - Level 5.3 Spellcasting
 - Level 7.7 Charms
 + Level 0.6 Necromancy
 - Level 0.2 Translocations


You had 13 spell levels left.
You knew the following spells:

 Your Spells              Type           Power        Failure   Level  Hunger
a - Infusion              Chrm           ####         1%          1    None
b - Shroud of Golubria    Chrm/Tloc      ###.......   1%          2    None
c - Regeneration          Chrm/Necr      ###.......   3%          3    ##.....


Dungeon Overview and Level Annotations

Branches:
Dungeon (11/15)            Temple (1/1) D:6
   Lair: D:8-11         Orc: D:9-12

Altars:
Ashenzari
Cheibriados
Dithmenos
Elyvilon
Fedhas
Gozag
Hepliaklqana
Kikubaaqudgha
Makhleb
Nemelex Xobeh
Okawaru
Qazlal
Ru
Sif Muna
Trog
Uskayaw
Vehumet
Wu Jian
Xom
Yredelemnul
Zin
The Shining One

Shops:
D:5 [

Annotations:
D:3 Zeege's ghost, amateur MfSk
D:4 Ijustatesigmund's ghost, amateur OpAr
D:10 Fannar


Innate Abilities, Weirdness & Mutations

You revert to your normal form in water.
You are very nimble and swift while swimming.
You are very stealthy in the water. (Stealth+)
You have somewhat slow reflexes. (EV -5)
You have a pair of small horns on your head.
You are mostly covered in yellow scales. (AC +3)
You are agile. (Dex +2)


Message History

Your skin crawls.
The troll closely misses you. The troll claws you!
The troll claws you but does no damage.
You hit the troll.
You kill the troll!
Your Fighting skill increases to level 7!
You start resting.
Your skin is crawling a little less now.
Your skin stops crawling.
You start resting.
A cyclops comes into view.
Your magical infusion is running out.
Things that are here:
a flail; a leather armour; a hell hound corpse
Things that are here:
a dagger; a chain mail; an orc skeleton The cyclops shouts!
The cyclops throws a large rock.
The large rock hits you!!
You see here a large rock.
The cyclops throws a large rock.
The large rock hits you!!
You die...

#####C#
#.C...#
#.##### #.#
#)# #)###
#.#.. #(#.#
#@#.#
#.#.####
#......#
###.##.....
#<#####.#
#.......#
#########


You could see a cyclops.

Vanquished Creatures
  A centaur skeleton (D:10)
  A troll (D:11)
  Prince Ribbit (D:6)
  2 hippogriffs
  Eustachio (D:4)
  A water moccasin (D:11)
  A hell hound (D:11)
  Duvessa (D:7)
  2 ice beasts (D:6)
  2 orc warriors
  2 phantoms
  A black bear (D:6)
  A necrophage (D:5)
  3 centaurs
  3 ogres
  5 big kobolds (D:3)
  A wyvern skeleton (D:10)
  Dowan (D:7)
  2 scorpions
  5 killer bees (D:10)
  5 wights
  An electric eel (D:6)
  2 howler monkeys
  2 crimson imps
  A centaur zombie (D:10)
  4 hounds
  2 orc priests
  A bullfrog zombie (D:5)
  2 bullfrog skeletons
  5 orc wizards
  An iguana (D:6)
  4 worker ants
  2 hound skeletons
  A worker ant zombie (D:8)
  4 gnolls
  13 adders
  An ooze (D:3)
  An adder skeleton (D:4)
  An adder zombie (D:6)
  4 worms
  4 dart slugs
  3 leopard geckos
  14 orcs
  2 ball pythons
  4 bats
  6 giant cockroaches
  5 goblins
  6 hobgoblins
  6 jackals
  A quokka (D:8)
  8 frilled lizards
  44 kobolds
  2 quokka zombies
  4 rats
203 creatures vanquished.

Vanquished Creatures (others)
  2 orcs
  A leopard gecko skeleton (D:8)
3 creatures vanquished.

Grand Total: 206 creatures vanquished

Notes
Turn   | Place    | Note
-------+----------+-------------------------------------------
     0 | D:1      | Zeege the Merfolk Skald began the quest for the Orb.
     0 | D:1      | Reached XP level 1. HP: 16/16 MP: 3/3
   465 | D:1      | Reached XP level 2. HP: 22/22 MP: 1/5
   753 | D:1      | Learned a level 2 spell: Shroud of Golubria
  1501 | D:2      | Reached XP level 3. HP: 27/27 MP: 0/6
  1808 | D:2      | Reached skill level 4 in Polearms
  1892 | D:2      | Found a glowing silver altar of Zin.
  2310 | D:2      | Reached XP level 4. HP: 33/33 MP: 4/7
  2695 | D:3      | Found a bloodstained altar of Trog.
  2954 | D:3      | Noticed Zeege's ghost (amateur MfSk)
  2964 | D:3      | Found a blossoming altar of Fedhas.
  3276 | D:3      | Noticed a big kobold
  3299 | D:3      | Killed a big kobold
  3299 | D:3      | Reached skill level 5 in Polearms
  3299 | D:3      | Reached XP level 5. HP: 38/38 MP: 0/9
  3531 | D:3      | Noticed a big kobold
  3846 | D:3      | Killed a big kobold
  3846 | D:3      | Reached skill level 6 in Polearms
  3846 | D:3      | Reached skill level 5 in Charms
  3846 | D:3      | Reached XP level 6. HP: 31/44 MP: 1/10
  4187 | D:3      | Reached skill level 7 in Polearms
  4550 | D:3      | Reached XP level 7. HP: 41/50 MP: 0/11
  4663 | D:3      | Gained mutation: You are agile. (Dex +2) [potion of mutation]
  4663 | D:3      | Gained mutation: You are dopey. (Int -2) [potion of mutation]
  4663 | D:3      | Gained mutation: You possess an exceptional clarity of mind. [potion of mutation]
  4925 | D:4      | Reached skill level 8 in Polearms
  5086 | D:4      | Learned a level 3 spell: Regeneration
  5246 | D:4      | Noticed Eustachio
  5502 | D:3      | Found a deep blue altar of Sif Muna.
  5504 | D:3      | Found a hazy altar of Hepliaklqana.
  5587 | D:4      | Noticed Ijustatesigmund's ghost (amateur OpAr)
  5618 | D:4      | Killed Eustachio
  5618 | D:4      | Reached skill level 9 in Polearms
  6055 | D:4      | Reached XP level 8. HP: 57/57 MP: 5/13
  6272 | D:4      | Lost mutation: You possess an exceptional clarity of mind. [potion of mutation]
  6272 | D:4      | Lost mutation: You are agile. (Dex +2) [potion of mutation]
  6272 | D:4      | Lost mutation: You are dopey. (Int -2) [potion of mutation]
  6272 | D:4      | Gained mutation: You are partially covered in yellow scales. (AC +2) [potion of mutation]
  6272 | D:4      | Gained mutation: You are mostly covered in yellow scales. (AC +3) [potion of mutation]
  6272 | D:4      | Gained mutation: You have a pair of small horns on your head. [potion of mutation]
  6272 | D:4      | Gained mutation: You are agile. (Dex +2) [potion of mutation]
  6578 | D:5      | Entered Level 5 of the Dungeon
  6620 | D:5      | Reached skill level 10 in Polearms
  7008 | D:5      | Found a deep blue altar of Sif Muna.
  7259 | D:5      | Found Noazommo's Armour Shoppe.
  7293 | D:5      | Bought a +0 buckler of protection for 149 gold pieces
  7293 | D:5      | Bought a +0 cloak for 58 gold pieces
  7820 | D:6      | Reached skill level 1 in Shields
  8083 | D:6      | Found a staircase to the Ecumenical Temple.
  8083 | D:6      | Noticed Prince Ribbit
  8119 | D:6      | Reached XP level 9. HP: 49/65 MP: 1/15
  8235 | Temple   | Entered the Ecumenical Temple
  8262 | Temple   | Became a worshipper of Ru the Awakened
  8503 | D:6      | Killed Prince Ribbit
  8503 | D:6      | Reached skill level 11 in Polearms
  8967 | D:7      | Found a shattered altar of Ashenzari.
  8968 | D:7      | Got a topaz-encrusted scale mail
  8979 | D:7      | Identified the cursed +0 scale mail of Qeajorcho {MP-9 Str+7} (You found it on level 7 of the Dungeon)
  9054 | D:7      | Noticed Dowan
  9055 | D:7      | Noticed Duvessa
  9069 | D:7      | Killed Dowan
  9091 | D:7      | Killed Duvessa
  9350 | D:7      | Found a shadowy altar of Dithmenos.
  9384 | D:7      | Found an opulent altar of Gozag.
  9779 | D:7      | Gained mutation: You have somewhat slow reflexes. (EV -5) [Ru sacrifice]
  9779 | D:7      | Reached * piety under Ru
  9779 | D:7      | Reached ** piety under Ru
  9791 | D:7      | Reached skill level 5 in Spellcasting
 10058 | D:8      | Reached skill level 5 in Fighting
 10187 | D:8      | Got a pair of ancient boots
 10198 | D:8      | Identified the +0 pair of boots "Jowod" {-Tele rC+ rN+} (You found it on level 8 of the Dungeon)
 10719 | D:8      | You fall through a shaft for 2 floors!
 10719 | D:10     | Entered Level 10 of the Dungeon
 10743 | D:10     | Reached XP level 10. HP: 53/76 MP: 3/17
 10778 | D:10     | Reached skill level 12 in Polearms
 11241 | D:10     | Noticed Fannar
 11733 | D:11     | Reached skill level 5 in Shields
 11920 | D:11     | Noticed a cyclops
 11926 | D:11     | Hit by a large rock thrown by a cyclops

Vault maps used:
D:1:      evilmike_arrival_rings, hex_tiny, minmay_misc_feat_hallway
D:2:      lemuel_doored_altar
D:3:      minmay_goblin_kobold_castle, fedhas_altar_2,
          nicolae_overflow_hidden_temple, trog_book
D:4:      uniq_eustachio
D:5:      serial_shops, shop, basic_altar, first_bread,
          hangedman_abyss_or_decor_stagger
D:6:      cheibrodos_helix_gallery, minmay_temple_entry_hall,
          uniq_prince_ribbit1
D:7:      grunt_dithmenos_smoke, nicolae_gozag_seed_capital,
          nicolae_ashenzari_panopticon, uniq_duvessa
D:8:      hangedman_pestilent_swarm
D:10:     basic_altar, uniq_fannar
D:11:     hangedman_cross_cluster, minmay_lair_entry_lava, lightli_minifort,
          uniq_gastronok
Temple:   nicolae_temple_elliptical

Skill      XL: |  1  2  3  4  5  6  7  8  9 10 |
---------------+-------------------------------+-----
Charms         | 4 5 6 7 |  7.7
Polearms       | 4 5 6 7 9 10 11 12 | 12.5
Spellcasting   | 3 4 5 |  5.3
Fighting       | 4 5 7 |  7.0
Dodging        | 3 4 |  4.6
Shields        | 1 3 5 |  5.1
Throwing       | |  0.2
Armour         | |  0.9
Necromancy     | |  0.6
Translocations | |  0.2

Action                   |  1- 3 |  4- 6 |  7- 9 | 10-12 || total
-------------------------+-------+-------+-------+-------++-------
Melee: Spear             |    90 |   246 |   592 |   164 ||  1092
       Tailslap          |       |     5 |       |       ||     5
       Headbutt          |       |       |    68 |    38 ||   106
Throw: Tomahawk          |       |       |     4 |       ||     4
 Cast: Infusion          |    20 |    19 |    48 |     7 ||    94
       Shroud of Golubri |       |    13 |    29 |     9 ||    51
       Regeneration      |       |       |     4 |     2 ||     6
Invok: Sacrifice Health  |       |       |     1 |       ||     1
  Use: Scroll            |       |     1 |    22 |       ||    23
       Potion            |       |       |     2 |       ||     2
 Stab: Sleeping          |       |       |     3 |       ||     3
       Invisible         |       |       |     2 |       ||     2
       Distracted        |       |       |       |     1 ||     1
  Eat: Bread ration      |     1 |       |       |       ||     1
       Chunk             |       |     5 |    12 |     2 ||    19
       Meat ration       |       |     1 |     1 |       ||     2
       Royal jelly       |       |       |     1 |     1 ||     2
Armor: Leather armour    |    13 |    25 |   109 |    53 ||   200
Dodge: Dodged            |    38 |   126 |   153 |    42 ||   359
Block: Buckler           |       |       |    37 |    29 ||    66

Table legend:
 A = Spawn XP
 B = Non-spawn XP
 C = Spawn XP percentage of total XP
 D = Spawn monster count
 E = Non-spawn monster count
 F = Spawn count percentage of total count
 G = Total turns spent on level
                    A         B        C        D         E        F      G
               +---------+---------+-------+---------+---------+-------+---------
         Total |       0 |    6796 |   0.0 |       0 |     204 |   0.0 | 11926
               +---------+---------+-------+---------+---------+-------+---------
           D:1 |       0 |      17 |   0.0 |       0 |      10 |   0.0 |  1267
           D:2 |       0 |      76 |   0.0 |       0 |      25 |   0.0 |  1326
           D:3 |       0 |     598 |   0.0 |       0 |      58 |   0.0 |  2757
           D:4 |       0 |     631 |   0.0 |       0 |      20 |   0.0 |  1228
           D:5 |       0 |     442 |   0.0 |       0 |      14 |   0.0 |   999
           D:6 |       0 |    1280 |   0.0 |       0 |      22 |   0.0 |  1163
           D:7 |       0 |     582 |   0.0 |       0 |      10 |   0.0 |  1044
           D:8 |       0 |     933 |   0.0 |       0 |      18 |   0.0 |   769
          D:10 |       0 |    1211 |   0.0 |       0 |      15 |   0.0 |   168
          D:11 |       0 |    1026 |   0.0 |       0 |      12 |   0.0 |  1039
               +---------+---------+-------+---------+---------+-------+---------
